General information
- name: BNet
- type: Ladder team game (AT/RT)
- host: Battle.net
- saver: BEAR_AND
map: TwistedMeadows
- players: 4
- length: 08:21
- speed: Fast
- version: 1.21 W3XP
- replay type:

» download(51 KB)
Players
team 1 (loser)

»
OneLastBreath (
red | 71 APM | 592 actions | 08:19)
2 Death Knight
1 Death Coil
1 Death Pact
» actions
| Assign group hotkey | 6 | |
| Basic commands | 5 | |
| Build / train | 30 | |
| Enter build submenu | 10 | |
| Enter hero's abilities submenu | 2 | |
| Right click | 296 | |
| Select / deselect | 91 | |
| Select group hotkey | 125 | |
| Use ability | 27 | |
592 total
» units
| Acolyte | 2 | |
| Ghoul | 3 | |
| Crypt Fiend | 15 | |
20 total
» upgrades
» buildings
| Graveyard | 1 | |
| Crypt | 1 | |
| Altar of Darkness | 1 | |
| Ziggurat | 3 | |
| Tomb of Relics | 1 | |
| Halls of the Dead | 1 | |
8 total
» build order
00:12 Graveyard
00:17 Crypt
00:39 Altar of Darkness
00:50 Ziggurat
01:04 Ziggurat
01:50 Tomb of Relics
05:40 Halls of the Dead
06:06 Ziggurat
» items
The.DreamLess (
teal | 122 APM | 1018 actions | 08:21)
2 Demon Hunter
1 Mana Burn
1 Evasion
» actions
| Assign group hotkey | 5 | |
| Build / train | 41 | |
| Enter build submenu | 14 | |
| Enter hero's abilities submenu | 2 | |
| Remove unit from queue | 3 | |
| Right click | 738 | |
| Select / deselect | 179 | |
| Select group hotkey | 2 | |
| Use ability | 34 | |
1018 total
» units
» buildings
| Altar of Elders | 1 | |
| Moon Well | 3 | |
| Ancient of War | 2 | |
| Hunter's Hall | 1 | |
| Tree of Life | 1 | |
8 total
» build order
00:08 Altar of Elders
00:21 Moon Well
01:12 Ancient of War
01:36 Moon Well
02:57 Ancient of War
03:02 Hunter's Hall
05:24 Moon Well
07:34 Tree of Life
» items
team 2 (winner)
BEAR_AND (
green | 134 APM | 1123 actions | 08:21)
3 Goblin Tinker
2 Pocket Factory
1 Engineering Upgrade
» actions
| Assign group hotkey | 21 | |
| Basic commands | 40 | |
| Build / train | 46 | |
| Enter build submenu | 33 | |
| Enter hero's abilities submenu | 3 | |
| Right click | 609 | |
| Select / deselect | 157 | |
| Select group hotkey | 171 | |
| Use ability | 43 | |
1123 total
» units
» buildings
| Altar of Kings | 1 | |
| Barracks | 1 | |
| Farm | 5 | |
| Lumber Mill | 1 | |
| Scout Tower | 20 | |
| Guard Tower | 8 | |
| Arcane Vault | 1 | |
37 total
» build order
00:06 Altar of Kings
00:19 Barracks
00:34 Farm
01:01 Farm
01:05 Farm
01:39 Lumber Mill
01:45 Farm
02:03 Farm
02:53 Scout Tower
02:53 Scout Tower
02:54 Scout Tower
02:54 Scout Tower
03:03 Scout Tower
03:20 Guard Tower
03:42 Scout Tower
03:46 Guard Tower
03:49 Scout Tower
04:18 Scout Tower
04:19 Scout Tower
04:19 Scout Tower
04:37 Scout Tower
04:37 Scout Tower
04:49 Guard Tower
05:15 Guard Tower
05:30 Scout Tower
06:00 Scout Tower
06:01 Scout Tower
06:29 Scout Tower
06:30 Scout Tower
06:30 Guard Tower
06:30 Guard Tower
06:36 Guard Tower
06:39 Scout Tower
06:50 Scout Tower
06:51 Scout Tower
07:08 Arcane Vault
07:09 Guard Tower
dirtmcwordup (
orange | 84 APM | 704 actions | 08:21)
2 Demon Hunter
1 Mana Burn
1 Evasion
» actions
| Assign group hotkey | 3 | |
| Basic commands | 3 | |
| Build / train | 26 | |
| ESC pressed | 1 | |
| Enter build submenu | 10 | |
| Enter hero's abilities submenu | 2 | |
| Right click | 420 | |
| Select / deselect | 120 | |
| Select group hotkey | 86 | |
| Use ability | 33 | |
704 total
» units
» buildings
| Altar of Elders | 1 | |
| Moon Well | 3 | |
| Ancient of War | 2 | |
| Tree of Ages | 1 | |
| Hunter's Hall | 1 | |
| Ancient of Lore | 2 | |
| Tree of Life | 1 | |
11 total
» build order
00:07 Altar of Elders
00:16 Moon Well
01:08 Ancient of War
02:44 Ancient of War
04:20 Tree of Ages
04:22 Hunter's Hall
04:23 Moon Well
05:54 Moon Well
06:42 Ancient of Lore
06:43 Ancient of Lore
07:06 Tree of Life
» items
| Staff of Teleportation | 1 | |
| Boots of Speed | 1 | |
2 total
Chat log
(00:15 / All) OneLastBreath: haha
(00:18 / All) OneLastBreath: new shit
(00:20 / All) BEAR_AND: do i know u
(00:24 / All) OneLastBreath: stfu
(00:30 / All) The.DreamLess: gl hf
(00:31 / All) dirtmcwordup: gl hf manner please
(00:35 / All) BEAR_AND: relax
(00:38 / All) BEAR_AND: have a relaxable game
(00:45 / All) OneLastBreath: im chill r u ?
(00:46 / All) BEAR_AND: ok fine i beat u then *boink*
(00:56 / All) OneLastBreath: wow ur a homer
(01:27 / All) OneLastBreath: NICE
(01:31 / All) OneLastBreath: ur a prosu
(01:59 / All) OneLastBreath: ur about 2 get smoked like rolled weeed btw
(05:26 / All) dirtmcwordup: bazoom
(05:30 / All) OneLastBreath: NERF HU TOWERS
(05:34 / All) OneLastBreath: next patch
(05:35 / All) OneLastBreath: lawl
(07:58 / All) BEAR_AND: BAM
(08:00 / All) BEAR_AND: quit now
(08:04 / All) dirtmcwordup: gg
(08:06 / All) dirtmcwordup: thanks for fre win
(08:09 / All) OneLastBreath: skill scrubs
(08:13 / All) dirtmcwordup: 1v1?
(08:14 / All) OneLastBreath: u fuking noobs suck
(08:15 / All) OneLastBreath: so bad
(08:18 / All) BEAR_AND: re?
(08:18 / All) OneLastBreath: fuking losers
(08:19 / All) dirtmcwordup: ty for free win